Sharks vs Canadiens

Created - 21 octobre 2023 at 15:39

Goals
1 2 3 T
Sharks 0 1 0 1
Canadiens 3 0 2 5
Shots
1 2 3 T
Sharks 11 11 6 28
Canadiens 9 15 17 41

GoalsPenalties
1st period
1. Canadiens , Jeff Skinner 1 (Christopher Tanev 1, Valeri Nichushkin 2) at 3:56
2. Canadiens , Cam Atkinson 3 (Jani Hakanpaa 1) at 9:11
3. Canadiens , Cam Atkinson 4 (Anton Lundell 5, Andrew Mangiapane 3) at 18:31
Sidney Crosby (SJS) for Holding (Minor) at 11:06
2nd period
4. Sharks , Oliver Wahlstrom 2 (Brandon Tanev 1, Travis Boyd 2) at 2:58
Shea Theodore (SJS) for Goalie Interference (Minor) at 9:26
3rd period
5. Canadiens , Ryan O'Reilly 1 (Jani Hakanpaa 2, Mathew Barzal 1) at 3:47
6. Canadiens , Anton Lundell 1 (Andrew Mangiapane 4, Cam Atkinson 3) at 17:47
Henri Jokiharju (MTL) for Tripping (Minor) at 4:06
Goalie Stats
Darcy Kuemper (SJS), 36 saves from 41 shots - (0,878), L, 0-1-0, 60:00 minutes
Adin Hill (MTL), 27 saves from 28 shots - (0,964), W, 2-0-0, 60:00 minutes
3 StarsOfficial
1 - Cam Atkinson (MTL)
2 - Anton Lundell (MTL)
3 - Jani Hakanpaa (MTL)
Referees : Justin Kea and Brian Pochmara
Linesman : Scott Cherrey and Michel Cormier
Game Note
No Game Note
Finance
Level 1 -- Attendance: 2981 (49,68%) -- Ticket Income $491,865
Level 2 -- Attendance: 2853 (57,06%) -- Ticket Income $282,447
Level 3 -- Attendance: 800 (40,00%) -- Ticket Income $63,200
Level 4 -- Attendance: 2112 (52,80%) -- Ticket Income $82,368
Luxury Box -- Attendance: 734 (73,40%) -- Ticket Income $164,416
Game was played at the Centurions Coliseum.
Total Attendance: 9480 (52,67%)
Total Ticket Income: $1,084,296
Other Income: $531,305
Total Income: $1,615,601



Team Name Goals Shots Shots Attemp Shots Blocked PIM HIT PP PK FO%
Sharks 1287174170 / 1 (0%)055%
Canadiens 54162152230 / 2 (0%)045%

Sharks
Player Name POS G A P +/- PIM HIT SHT SB MP PP MP PP SHT PK MP PK SHT FO% FOT GA TA
Alex PietrangeloD000-1001023:351:1302:3910% 001
Boone JennerC/LW/RW0000002119:110:5402:24271% 2100
Brandon TanevLW/RW0111010111:400:0602:2300% 000
Brett KulakD0000011116:030:0002:3910% 000
Calvin De HaanD0000010013:210:0000:0000% 001
Dylan LarkinC/LW/RW000-2001117:110:5401:27050% 1011
Jonathan HuberdeauC/LW/RW000-3002116:280:5900:2600% 020
Justin BraunD000-3051023:391:1301:1900% 001
K'Andre MillerD000-3001121:480:4601:1900% 011
Kasperi KapanenLW/RW000-3030015:010:0000:0000% 000
Lukas ReichelLW/RW000-2011114:500:0000:00050% 200
Mason McTavishC/LW0000013014:590:0000:00075% 400
Mats ZuccarelloLW/RW000-2012015:440:5400:000100% 122
Oliver WahlstromRW101101408:580:0000:0000% 000
Robert ThomasC/RW0000004017:331:0501:1600% 020
Shea TheodoreD000-1203021:330:4600:0000% 001
Sidney CrosbyC000-3222015:281:0500:00039% 1800
Travis BoydC/RW011100008:580:0000:00025% 410
Canadiens
Player Name POS G A P +/- PIM HIT SHT SB MP PP MP PP SHT PK MP PK SHT FO% FOT GA TA
Adam LarssonD0002061119:220:0001:0200% 001
Andrew MangiapaneC/LW/RW0223002015:250:5500:0000% 001
Anton LundellC/LW1123014016:482:1500:00050% 811
Cam AtkinsonLW/RW2133003015:280:0000:5800% 130
Chris KreiderC/LW/RW0001023017:371:4900:0000% 100
Christian DvorakC/LW0001001317:341:4300:54054% 2400
Christopher TanevD0113010019:060:0000:5700% 012
Emil BemstromC/RW000-100219:260:0700:0000% 011
Henri JokiharjuD000-1211019:312:1500:0000% 001
Jani HakanpaaD0223045120:360:0001:0200% 000
Jeff SkinnerC/LW/RW1011027018:032:3910:5400% 010
Jonathan DrouinC/LW/RW000-102009:450:1700:0700% 000
Mathew BarzalC/RW0111003117:441:4900:0700% 410
Noah CatesC/LW/RW000-1000010:130:0000:58050% 400
Ryan O'ReillyC/LW/RW1011012117:512:0900:00047% 1700
TJ BrodieD0002000117:130:0000:0000% 001
Travis HamonicD000-1011620:071:4300:5700% 001
Valeri NichushkinLW/RW0111026016:112:0900:0000% 100

Sharks

5 vs 5 Forward
Line #Left WingCenterRight WingPHYDFOFWanted %Time %Time Play
1Jonathan HuberdeauSidney CrosbyKasperi Kapanen0232928%15:16
2Mats ZuccarelloDylan LarkinLukas Reichel0232927%14:50
3Mason McTavishBoone JennerRobert Thomas0232928%14:59
4Brandon TanevTravis BoydOliver Wahlstrom0231317%8:58
5 vs 5 Defense
Line #DefenseDefensePHYDFOFWanted %Time %Time Play
1Alex PietrangeloShea Theodore0233537%19:51
2Justin BraunK'Andre Miller0323536%19:19
3Calvin De HaanBrett Kulak0322425%13:21
4Justin BraunShea Theodore04163%1:32
Power Play Forward
Line #Left WingCenterRight WingPHYDFOFWanted %Time %Time Play
1Jonathan HuberdeauSidney CrosbyRobert Thomas0145555%1:05
2Mats ZuccarelloDylan LarkinBoone Jenner0144545%0:54
Power Play Defense
Line #DefenseDefensePHYDFOFWanted %Time %Time Play
1Alex PietrangeloJustin Braun0235561%1:13
2Shea TheodoreK'Andre Miller0234539%0:46
Penalty Kill 4 Players Forward
Line #CenterWingPHYDFOFWanted %Time %Time Play
1Boone JennerBrandon Tanev0415568%2:42
2Robert ThomasDylan Larkin0414532%1:16
Penalty Kill 4 Players Defense
Line #DefenseDefensePHYDFOFWanted %Time %Time Play
1Alex PietrangeloBrett Kulak0505567%2:39
2Justin BraunK'Andre Miller0504533%1:19
Penalty Kill 3 Players
Line #WingPHYDFOFWanted %Time %Time PlayDefenseDefensePHYDFOFWanted %Time %Time Play
1Boone Jenner050550%0:00 Alex PietrangeloBrett Kulak050550%0:00
2Robert Thomas050450%0:00 Justin BraunK'Andre Miller050450%0:00
4 vs 4 Forward
Line #CenterWingPHYDFOFWanted %Time %Time Play
1Sidney CrosbyJonathan Huberdeau032550%0:00
2Dylan LarkinMats Zuccarello032450%0:00
4 vs 4 Defense
Line #DefensePHYDFOFWanted %Time %Time Play
1Alex PietrangeloShea Theodore032550%0:00
2Justin BraunK'Andre Miller032450%0:00
Last Minutes Offensive
Left WingCenterRight WingDefenseDefense
Jonathan HuberdeauSidney CrosbyBoone JennerAlex PietrangeloShea Theodore
Last Minutes Defensive
Left WingCenterRight WingDefenseDefense
Brandon TanevDylan LarkinRobert ThomasBrett KulakAlex Pietrangelo
Time
Total ForwardTotal DefenseLast Minutes OffensiveLast Minutes Defensive
60:00 60:00 0:000:00
Extra Forwards
Normal PowerPlayPenalty Kill
Dylan Larkin, Boone Jenner, Jonathan HuberdeauBoone Jenner, Dylan LarkinJonathan Huberdeau
Extra Defensemen
Normal PowerPlayPenalty Kill
K'Andre Miller, Shea Theodore, Justin BraunK'Andre Miller, Justin BraunK'Andre Miller
Penalty Shots
Mats Zuccarello, Boone Jenner, Brandon Tanev, Sidney Crosby, Jonathan Huberdeau
Goalie
Darcy Kuemper, Ukko-Pekka Luukkonen
Custom OT Lines Forwards
Jonathan Huberdeau, Sidney Crosby, Dylan Larkin, Boone Jenner, Mats Zuccarello, Robert Thomas, Travis Boyd, Mason McTavish, Brandon Tanev, Kasperi Kapanen
Custom OT Lines Defensemen
Alex Pietrangelo, Shea Theodore, Justin Braun, K'Andre Miller, Brett Kulak
Scratches
Mark Borowiecki (Healthy), Joseph Veleno (Healthy)

Canadiens

5 vs 5 Forward
Line #Left WingCenterRight WingPHYDFOFWanted %Time %Time Play
1Chris KreiderRyan O'ReillyMathew Barzal0233030%16:16
2Jeff SkinnerChristian DvorakValeri Nichushkin0233026%14:02
3Andrew MangiapaneAnton LundellCam Atkinson0232827%14:30
4Jonathan DrouinNoah CatesEmil Bemstrom0231217%9:15
5 vs 5 Defense
Line #DefenseDefensePHYDFOFWanted %Time %Time Play
1Adam LarssonTJ Brodie0323333%18:02
2Christopher TanevJani Hakanpaa0323334%18:36
3Henri JokiharjuTravis Hamonic0323131%16:42
4Adam LarssonJani Hakanpaa03231%0:43
Power Play Forward
Line #Left WingCenterRight WingPHYDFOFWanted %Time %Time Play
1Jeff SkinnerMathew BarzalChris Kreider0145046%1:49
2Valeri NichushkinRyan O'ReillyJeff Skinner0145054%2:09
Power Play Defense
Line #DefenseDefensePHYDFOFWanted %Time %Time Play
1Anton LundellHenri Jokiharju0235057%2:15
2Christian DvorakTravis Hamonic0325043%1:43
Penalty Kill 4 Players Forward
Line #CenterWingPHYDFOFWanted %Time %Time Play
1Christian DvorakJeff Skinner0325045%0:54
2Noah CatesCam Atkinson0325055%1:05
Penalty Kill 4 Players Defense
Line #DefenseDefensePHYDFOFWanted %Time %Time Play
1Adam LarssonJani Hakanpaa0415052%1:02
2Christopher TanevTravis Hamonic0415048%0:57
Penalty Kill 3 Players
Line #WingPHYDFOFWanted %Time %Time PlayDefenseDefensePHYDFOFWanted %Time %Time Play
1Christian Dvorak041500%0:00 Adam LarssonJani Hakanpaa050600%0:00
2Noah Cates041500%0:00 Christopher TanevTravis Hamonic050400%0:00
4 vs 4 Forward
Line #CenterWingPHYDFOFWanted %Time %Time Play
1Mathew BarzalChris Kreider032500%0:00
2Ryan O'ReillyValeri Nichushkin032500%0:00
4 vs 4 Defense
Line #DefensePHYDFOFWanted %Time %Time Play
1Adam LarssonJani Hakanpaa032500%0:00
2Christopher TanevTravis Hamonic032500%0:00
Last Minutes Offensive
Left WingCenterRight WingDefenseDefense
Jeff SkinnerMathew BarzalChris KreiderAdam LarssonJani Hakanpaa
Last Minutes Defensive
Left WingCenterRight WingDefenseDefense
Noah CatesChristian DvorakAnton LundellAdam LarssonJani Hakanpaa
Time
Total ForwardTotal DefenseLast Minutes OffensiveLast Minutes Defensive
60:00 60:00 0:000:00
Extra Forwards
Normal PowerPlayPenalty Kill
Mathew Barzal, Andrew Mangiapane, Cam AtkinsonMathew Barzal, Andrew MangiapaneMathew Barzal
Extra Defensemen
Normal PowerPlayPenalty Kill
Travis Hamonic, TJ Brodie, Henri JokiharjuTravis Hamonic, Travis HamonicTJ Brodie
Penalty Shots
Chris Kreider, Jeff Skinner, Valeri Nichushkin, Ryan O'Reilly, Mathew Barzal
Goalie
Adin Hill, Craig Anderson
Custom OT Lines Forwards
Chris Kreider, Jeff Skinner, Valeri Nichushkin, Ryan O'Reilly, Mathew Barzal, Andrew Mangiapane, Cam Atkinson, Christian Dvorak, Anton Lundell, Noah Cates
Custom OT Lines Defensemen
Adam Larsson, Jani Hakanpaa, Christopher Tanev, Travis Hamonic, TJ Brodie
Scratches
Alexander Nylander (Healthy)


Play-by-Play

1st period


0:01 of 1st period - Ryan O'Reilly wins face-off versus Sidney Crosby in neutral zone.
0:05 of 1st period - Off-side.
0:06 of 1st period - Sidney Crosby wins face-off versus Ryan O'Reilly in neutral zone.
0:15 of 1st period - Kasperi Kapanen is hit by Ryan O'Reilly and loses puck.
0:32 of 1st period - Alex Pietrangelo is hit by Adam Larsson and loses puck.
1:37 of 1st period - Henri Jokiharju is hit by Sidney Crosby and loses puck.
1:44 of 1st period - Snap shot by Travis Hamonic.
1:44 of 1st period - Shot Misses the Net.
1:50 of 1st period - Ryan O'Reilly is hit by Kasperi Kapanen and loses puck.
2:03 of 1st period - Snap shot by Boone Jenner.
2:03 of 1st period - Shot Misses the Net.
2:05 of 1st period - Snap shot by Brett Kulak.
2:05 of 1st period - Shot Misses the Net.
2:25 of 1st period - Snap shot by Valeri Nichushkin.
2:25 of 1st period - Shot Misses the Net.
2:27 of 1st period - Slapshot by Henri Jokiharju.
2:27 of 1st period - Deflect By Jeff Skinner.
2:27 of 1st period - Shot Blocked by Brett Kulak.
2:27 of 1st period - Puck is out of play.
2:28 of 1st period - Anton Lundell wins face-off versus Dylan Larkin in Sharks zone.
2:53 of 1st period - Shea Theodore is hit by Jani Hakanpaa and loses puck.
3:22 of 1st period - Brett Kulak is hit by Jonathan Drouin and loses puck.
3:41 of 1st period - Snap shot by Sidney Crosby.
3:41 of 1st period - Deflect By Kasperi Kapanen.
3:41 of 1st period - Shot Misses the Net.
3:41 of 1st period - Puck is out of play.
3:42 of 1st period - Christian Dvorak wins face-off versus Sidney Crosby in Canadiens zone.
3:42 of 1st period - Christian Dvorak is hit by Kasperi Kapanen.
3:54 of 1st period - Slapshot by Valeri Nichushkin.
3:54 of 1st period - Stopped by Darcy Kuemper with a rebound.
3:56 of 1st period - Slapshot by Christopher Tanev.
3:56 of 1st period - Deflect By Jeff Skinner.
3:56 of 1st period - Goal by Jeff Skinner - Sharks : 0 - Canadiens : 1.
3:57 of 1st period - Anton Lundell wins face-off versus Boone Jenner in neutral zone.
4:04 of 1st period - Slapshot by Andrew Mangiapane.
4:04 of 1st period - Stopped by Darcy Kuemper with a rebound.
4:46 of 1st period - Mathew Barzal is hit by Mats Zuccarello and loses puck.
4:55 of 1st period - Snap shot by Mats Zuccarello.
4:55 of 1st period - Shot Misses the Net.
4:57 of 1st period - Wrist shot by Mats Zuccarello.
4:57 of 1st period - Shot Misses the Net.
5:15 of 1st period - Snap shot by Cam Atkinson.
5:15 of 1st period - Shot Blocked by Brandon Tanev.
5:17 of 1st period - Slapshot by Henri Jokiharju.
5:17 of 1st period - Deflect By Cam Atkinson.
5:17 of 1st period - Stopped by Darcy Kuemper without a rebound.
5:18 of 1st period - Mason McTavish wins face-off versus Anton Lundell in Sharks zone.
5:29 of 1st period - Wrist shot by Boone Jenner.
5:29 of 1st period - Shot Misses the Net.
5:33 of 1st period - Wrist shot by Robert Thomas.
5:33 of 1st period - Stopped by Adin Hill with a rebound.
5:35 of 1st period - Slapshot by K'Andre Miller.
5:35 of 1st period - Stopped by Adin Hill without a rebound.
5:36 of 1st period - Dylan Larkin wins face-off versus Valeri Nichushkin in Canadiens zone.
5:44 of 1st period - Icing by Shea Theodore.
5:45 of 1st period - Christian Dvorak wins face-off versus Lukas Reichel in Sharks zone.
6:06 of 1st period - Wrist shot by Valeri Nichushkin.
6:06 of 1st period - Stopped by Darcy Kuemper without a rebound.
6:07 of 1st period - Ryan O'Reilly wins face-off versus Sidney Crosby in Sharks zone.
6:23 of 1st period - Snap shot by Mathew Barzal.
6:23 of 1st period - Shot Misses the Net.
6:54 of 1st period - Snap shot by Mats Zuccarello.
6:54 of 1st period - Stopped by Adin Hill without a rebound.
6:55 of 1st period - Lukas Reichel wins face-off versus Cam Atkinson in Canadiens zone.
7:39 of 1st period - Snap shot by Dylan Larkin.
7:39 of 1st period - Shot Misses the Net.
7:51 of 1st period - Snap shot by Anton Lundell.
7:51 of 1st period - Shot Blocked by Lukas Reichel.
9:11 of 1st period - Snap shot by Cam Atkinson.
9:11 of 1st period - Goal by Cam Atkinson - Sharks : 0 - Canadiens : 2.
9:12 of 1st period - Boone Jenner wins face-off versus Chris Kreider in neutral zone.
10:06 of 1st period - Snap shot by Jonathan Drouin.
10:06 of 1st period - Shot Misses the Net.
10:08 of 1st period - Slapshot by Henri Jokiharju.
10:08 of 1st period - Stopped by Darcy Kuemper without a rebound.
10:09 of 1st period - Ryan O'Reilly wins face-off versus Sidney Crosby in Sharks zone.
10:39 of 1st period - Wrist shot by Oliver Wahlstrom.
10:39 of 1st period - Shot Misses the Net.
10:43 of 1st period - Wrist shot by Oliver Wahlstrom.
10:43 of 1st period - Stopped by Adin Hill without a rebound.
10:44 of 1st period - Christian Dvorak wins face-off versus Boone Jenner in Canadiens zone.
10:44 of 1st period - Christian Dvorak is hit by Brett Kulak.
11:00 of 1st period - Snap shot by Valeri Nichushkin.
11:00 of 1st period - Stopped by Darcy Kuemper without a rebound.
11:01 of 1st period - Ryan O'Reilly wins face-off versus Sidney Crosby in Sharks zone.
11:04 of 1st period - Slapshot by Chris Kreider.
11:04 of 1st period - Shot Misses the Net.
11:06 of 1st period - Minor Penalty to Sidney Crosby for Holding.
11:07 of 1st period - Boone Jenner wins face-off versus Mathew Barzal in Sharks zone.
11:16 of 1st period - Brett Kulak is hit by Jeff Skinner and loses puck.
11:39 of 1st period - Alex Pietrangelo is hit by Jeff Skinner.
13:06 of 1st period - Penalty to Sidney Crosby is over, Sidney Crosby is back on ice.
13:38 of 1st period - Wrist shot by Kasperi Kapanen.
13:38 of 1st period - Shot Blocked by Jani Hakanpaa.
13:48 of 1st period - Wrist shot by Mason McTavish.
13:48 of 1st period - Shot Misses the Net.
14:23 of 1st period - Adam Larsson is hit by Sidney Crosby.
14:51 of 1st period - Travis Hamonic is hit by Oliver Wahlstrom and loses puck.
15:34 of 1st period - Jonathan Drouin is hit by Justin Braun and loses puck.
15:54 of 1st period - Icing by Mats Zuccarello.
15:55 of 1st period - Mats Zuccarello wins face-off versus Ryan O'Reilly in Sharks zone.
16:02 of 1st period - Wrist shot by Sidney Crosby.
16:02 of 1st period - Shot Blocked by Ryan O'Reilly.
16:04 of 1st period - Snap shot by Jonathan Huberdeau.
16:04 of 1st period - Stopped by Adin Hill with a rebound.
16:06 of 1st period - Snap shot by Justin Braun.
16:06 of 1st period - Stopped by Adin Hill with a rebound.
16:08 of 1st period - Slapshot by Jonathan Huberdeau.
16:08 of 1st period - Shot Misses the Net.
16:18 of 1st period - Robert Thomas is hit by Adam Larsson and loses puck.
17:40 of 1st period - Wrist shot by Robert Thomas.
17:40 of 1st period - Stopped by Adin Hill with a rebound.
17:42 of 1st period - Wrist shot by Mason McTavish.
17:42 of 1st period - Stopped by Adin Hill with a rebound.
17:44 of 1st period - Snap shot by Shea Theodore.
17:44 of 1st period - Stopped by Adin Hill with a rebound.
17:46 of 1st period - Wrist shot by Shea Theodore.
17:46 of 1st period - Shot Blocked by Mathew Barzal.
17:48 of 1st period - Wrist shot by Robert Thomas.
17:48 of 1st period - Stopped by Adin Hill with a rebound.
17:50 of 1st period - Wrist shot by Mason McTavish.
17:50 of 1st period - Shot Misses the Net.
18:04 of 1st period - Shea Theodore is hit by Valeri Nichushkin and loses puck.
18:29 of 1st period - Slapshot by Anton Lundell.
18:29 of 1st period - Shot Blocked by Jonathan Huberdeau.
18:31 of 1st period - Snap shot by Cam Atkinson.
18:31 of 1st period - Goal by Cam Atkinson - Sharks : 0 - Canadiens : 3.
18:32 of 1st period - Boone Jenner wins face-off versus Christian Dvorak in neutral zone.
18:59 of 1st period - Sidney Crosby is hit by Travis Hamonic and loses puck.
19:24 of 1st period - Cam Atkinson is hit by Brandon Tanev and loses puck.
19:41 of 1st period - Slapshot by Shea Theodore.
19:41 of 1st period - Stopped by Adin Hill with a rebound.
Goals for this period are 0 for Sharks vs 3 for Canadiens.
Shots for this period are 11 for Sharks vs 9 for Canadiens.

2nd period


0:01 of 2nd period - Christian Dvorak wins face-off versus Boone Jenner in neutral zone.
0:04 of 2nd period - Brett Kulak is hit by Adam Larsson.
0:30 of 2nd period - Calvin De Haan is hit by Chris Kreider and loses puck.
1:07 of 2nd period - Brett Kulak is hit by Jonathan Drouin and loses puck.
1:30 of 2nd period - Snap shot by Robert Thomas.
1:30 of 2nd period - Stopped by Adin Hill without a rebound.
1:31 of 2nd period - Boone Jenner wins face-off versus Christian Dvorak in Canadiens zone.
1:32 of 2nd period - Backhand shot by Robert Thomas.
1:32 of 2nd period - Deflect By Jeff Skinner.
1:32 of 2nd period - Shot Misses the Net.
1:32 of 2nd period - Puck is out of play.
1:33 of 2nd period - Mason McTavish wins face-off versus Christian Dvorak in Canadiens zone.
2:58 of 2nd period - Wrist shot by Oliver Wahlstrom.
2:58 of 2nd period - Goal by Oliver Wahlstrom - Sharks : 1 - Canadiens : 3.
2:59 of 2nd period - Sidney Crosby wins face-off versus Christian Dvorak in neutral zone.
4:11 of 2nd period - Jonathan Drouin is hit by Kasperi Kapanen and loses puck.
4:32 of 2nd period - Snap shot by Valeri Nichushkin.
4:32 of 2nd period - Stopped by Darcy Kuemper without a rebound.
4:33 of 2nd period - Christian Dvorak wins face-off versus Travis Boyd in Sharks zone.
4:56 of 2nd period - Snap shot by Jeff Skinner.
4:56 of 2nd period - Stopped by Darcy Kuemper without a rebound.
4:57 of 2nd period - Ryan O'Reilly wins face-off versus Sidney Crosby in Sharks zone.
5:06 of 2nd period - Snap shot by Sidney Crosby.
5:06 of 2nd period - Stopped by Adin Hill with a rebound.
5:22 of 2nd period - Cam Atkinson is hit by Mason McTavish and loses puck.
5:31 of 2nd period - Snap shot by Mason McTavish.
5:31 of 2nd period - Stopped by Adin Hill without a rebound.
5:32 of 2nd period - Sidney Crosby wins face-off versus Christian Dvorak in Canadiens zone.
5:33 of 2nd period - Snap shot by Jonathan Huberdeau.
5:33 of 2nd period - Stopped by Adin Hill without a rebound.
5:34 of 2nd period - Sidney Crosby wins face-off versus Christian Dvorak in Canadiens zone.
5:35 of 2nd period - Snap shot by Jonathan Huberdeau.
5:35 of 2nd period - Shot Misses the Net.
5:37 of 2nd period - Snap shot by Sidney Crosby.
5:37 of 2nd period - Shot Misses the Net.
6:28 of 2nd period - Wrist shot by Anton Lundell.
6:28 of 2nd period - Stopped by Darcy Kuemper with a rebound.
6:44 of 2nd period - Slapshot by Alex Pietrangelo.
6:44 of 2nd period - Shot Misses the Net.
6:46 of 2nd period - Wrist shot by Lukas Reichel.
6:46 of 2nd period - Shot Misses the Net.
6:48 of 2nd period - Slapshot by Mats Zuccarello.
6:48 of 2nd period - Shot Blocked by Travis Hamonic.
6:50 of 2nd period - Slapshot by Shea Theodore.
6:50 of 2nd period - Shot Misses the Net.
6:52 of 2nd period - Wrist shot by Dylan Larkin.
6:52 of 2nd period - Shot Blocked by Emil Bemstrom.
6:54 of 2nd period - Wrist shot by Mats Zuccarello.
6:54 of 2nd period - Shot Misses the Net.
6:56 of 2nd period - Snap shot by Lukas Reichel.
6:56 of 2nd period - Shot Misses the Net.
6:58 of 2nd period - Snap shot by Dylan Larkin.
6:58 of 2nd period - Stopped by Adin Hill without a rebound.
6:59 of 2nd period - Christian Dvorak wins face-off versus Sidney Crosby in Canadiens zone.
7:16 of 2nd period - Wrist shot by Christian Dvorak.
7:16 of 2nd period - Stopped by Darcy Kuemper without a rebound.
7:17 of 2nd period - Boone Jenner wins face-off versus Ryan O'Reilly in Sharks zone.
8:37 of 2nd period - Wrist shot by Emil Bemstrom.
8:37 of 2nd period - Stopped by Darcy Kuemper with a rebound.
8:51 of 2nd period - Wrist shot by Chris Kreider.
8:51 of 2nd period - Stopped by Darcy Kuemper with a rebound.
8:53 of 2nd period - Slapshot by Jani Hakanpaa.
8:53 of 2nd period - Stopped by Darcy Kuemper without a rebound.
8:54 of 2nd period - Ryan O'Reilly wins face-off versus Mason McTavish in Sharks zone.
9:06 of 2nd period - Shea Theodore is hit by Chris Kreider and loses puck.
9:26 of 2nd period - Minor Penalty to Shea Theodore for Goalie Interference.
9:27 of 2nd period - Boone Jenner wins face-off versus Ryan O'Reilly in Sharks zone.
9:41 of 2nd period - Snap shot by Valeri Nichushkin.
9:41 of 2nd period - Shot Blocked by Boone Jenner.
9:43 of 2nd period - Snap shot by Jeff Skinner.
9:43 of 2nd period - Stopped by Darcy Kuemper without a rebound.
9:44 of 2nd period - Boone Jenner wins face-off versus Mathew Barzal in Sharks zone.
9:55 of 2nd period - Snap shot by Boone Jenner.
9:55 of 2nd period - Stopped by Adin Hill without a rebound.
9:56 of 2nd period - Boone Jenner wins face-off versus Ryan O'Reilly in Canadiens zone.
10:03 of 2nd period - Snap shot by Boone Jenner.
10:03 of 2nd period - Stopped by Adin Hill with a rebound.
10:05 of 2nd period - Wrist shot by Boone Jenner.
10:05 of 2nd period - Deflect By Brandon Tanev.
10:05 of 2nd period - Shot Blocked by Travis Hamonic.
10:05 of 2nd period - Puck is out of play.
10:06 of 2nd period - Boone Jenner wins face-off versus Ryan O'Reilly in Canadiens zone.
10:11 of 2nd period - Snap shot by Boone Jenner.
10:11 of 2nd period - Shot Misses the Net.
10:13 of 2nd period - Slapshot by Alex Pietrangelo.
10:13 of 2nd period - Stopped by Adin Hill with a rebound.
10:15 of 2nd period - Wrist shot by Alex Pietrangelo.
10:15 of 2nd period - Shot Blocked by Travis Hamonic.
10:17 of 2nd period - Slapshot by Brett Kulak.
10:17 of 2nd period - Stopped by Adin Hill with a rebound.
10:19 of 2nd period - Slapshot by Alex Pietrangelo.
10:19 of 2nd period - Shot Blocked by Christian Dvorak.
10:21 of 2nd period - Slapshot by Alex Pietrangelo.
10:21 of 2nd period - Shot Misses the Net.
10:23 of 2nd period - Snap shot by Brandon Tanev.
10:23 of 2nd period - Shot Blocked by Christian Dvorak.
10:25 of 2nd period - Slapshot by Brett Kulak.
10:25 of 2nd period - Shot Blocked by Christian Dvorak.
10:27 of 2nd period - Slapshot by Alex Pietrangelo.
10:27 of 2nd period - Deflect By Brandon Tanev.
10:27 of 2nd period - Shot Misses the Net.
10:27 of 2nd period - Puck is out of play.
10:28 of 2nd period - Boone Jenner wins face-off versus Mathew Barzal in Canadiens zone.
11:26 of 2nd period - Penalty to Shea Theodore is over, Shea Theodore is back on ice.
12:23 of 2nd period - Backhand shot by Emil Bemstrom.
12:23 of 2nd period - Shot Misses the Net.
12:25 of 2nd period - Slapshot by Adam Larsson.
12:25 of 2nd period - Stopped by Darcy Kuemper without a rebound.
12:26 of 2nd period - Noah Cates wins face-off versus Boone Jenner in Sharks zone.
13:01 of 2nd period - Snap shot by Jeff Skinner.
13:01 of 2nd period - Deflect By Valeri Nichushkin.
13:01 of 2nd period - Shot Misses the Net.
13:01 of 2nd period - Puck is out of play.
13:02 of 2nd period - Dylan Larkin wins face-off versus Ryan O'Reilly in Sharks zone.
14:21 of 2nd period - Backhand shot by Oliver Wahlstrom.
14:21 of 2nd period - Stopped by Adin Hill without a rebound.
14:22 of 2nd period - Boone Jenner wins face-off versus Christian Dvorak in Canadiens zone.
14:49 of 2nd period - Mats Zuccarello is hit by Adam Larsson and loses puck.
15:00 of 2nd period - Icing by TJ Brodie.
15:01 of 2nd period - Sidney Crosby wins face-off versus Ryan O'Reilly in Canadiens zone.
15:02 of 2nd period - Wrist shot by Kasperi Kapanen.
15:02 of 2nd period - Shot Misses the Net.
15:12 of 2nd period - Slapshot by Jonathan Huberdeau.
15:12 of 2nd period - Shot Blocked by Adam Larsson.
15:14 of 2nd period - Slapshot by Sidney Crosby.
15:14 of 2nd period - Shot Misses the Net.
15:16 of 2nd period - Slapshot by Sidney Crosby.
15:16 of 2nd period - Shot Misses the Net.
15:27 of 2nd period - Off-side.
15:28 of 2nd period - Christian Dvorak wins face-off versus Dylan Larkin in neutral zone.
15:31 of 2nd period - Slapshot by Jeff Skinner.
15:31 of 2nd period - Shot Misses the Net.
15:33 of 2nd period - Slapshot by Jani Hakanpaa.
15:33 of 2nd period - Stopped by Darcy Kuemper without a rebound.
15:34 of 2nd period - Christian Dvorak wins face-off versus Boone Jenner in Sharks zone.
15:35 of 2nd period - Snap shot by Jeff Skinner.
15:35 of 2nd period - Stopped by Darcy Kuemper without a rebound.
15:36 of 2nd period - Boone Jenner wins face-off versus Christian Dvorak in Sharks zone.
15:47 of 2nd period - Wrist shot by Jeff Skinner.
15:47 of 2nd period - Stopped by Darcy Kuemper with a rebound.
16:29 of 2nd period - Snap shot by Jeff Skinner.
16:29 of 2nd period - Stopped by Darcy Kuemper without a rebound.
16:30 of 2nd period - Anton Lundell wins face-off versus Sidney Crosby in Sharks zone.
16:56 of 2nd period - Lukas Reichel is hit by Adam Larsson and loses puck.
17:05 of 2nd period - Snap shot by Chris Kreider.
17:05 of 2nd period - Stopped by Darcy Kuemper without a rebound.
17:06 of 2nd period - Anton Lundell wins face-off versus Dylan Larkin in Sharks zone.
17:17 of 2nd period - Wrist shot by Mats Zuccarello.
17:17 of 2nd period - Deflect By Dylan Larkin.
17:17 of 2nd period - Deflect By Andrew Mangiapane.
17:17 of 2nd period - Shot Blocked by Travis Hamonic.
17:17 of 2nd period - Puck is out of play.
17:18 of 2nd period - Ryan O'Reilly wins face-off versus Sidney Crosby in Canadiens zone.
19:31 of 2nd period - Backhand shot by Chris Kreider.
19:31 of 2nd period - Shot Misses the Net.
19:33 of 2nd period - Snap shot by Mathew Barzal.
19:33 of 2nd period - Stopped by Darcy Kuemper without a rebound.
19:34 of 2nd period - Christian Dvorak wins face-off versus Dylan Larkin in Sharks zone.
Goals for this period are 1 for Sharks vs 0 for Canadiens.
Shots for this period are 11 for Sharks vs 15 for Canadiens.

3rd period


0:01 of 3rd period - Sidney Crosby wins face-off versus Anton Lundell in neutral zone.
0:11 of 3rd period - Snap shot by Anton Lundell.
0:11 of 3rd period - Stopped by Darcy Kuemper without a rebound.
0:12 of 3rd period - Dylan Larkin wins face-off versus Anton Lundell in Sharks zone.
0:39 of 3rd period - Brett Kulak is hit by Henri Jokiharju and loses puck.
1:21 of 3rd period - Off-side.
1:22 of 3rd period - Mason McTavish wins face-off versus Noah Cates in neutral zone.
1:46 of 3rd period - Jonathan Drouin is hit by Justin Braun and loses puck.
2:32 of 3rd period - Slapshot by Shea Theodore.
2:32 of 3rd period - Shot Blocked by Travis Hamonic.
2:57 of 3rd period - Icing by Christopher Tanev.
2:58 of 3rd period - Ryan O'Reilly wins face-off versus Dylan Larkin in Canadiens zone.
3:11 of 3rd period - Wrist shot by Mathew Barzal.
3:11 of 3rd period - Stopped by Darcy Kuemper with a rebound.
3:13 of 3rd period - Slapshot by Jani Hakanpaa.
3:13 of 3rd period - Deflect By Chris Kreider.
3:13 of 3rd period - Stopped by Darcy Kuemper with a rebound.
3:15 of 3rd period - Wrist shot by Jani Hakanpaa.
3:15 of 3rd period - Deflect By Justin Braun.
3:15 of 3rd period - Stopped by Darcy Kuemper with a rebound.
3:17 of 3rd period - Slapshot by Jani Hakanpaa.
3:17 of 3rd period - Stopped by Darcy Kuemper with a rebound.
3:19 of 3rd period - Snap shot by Chris Kreider.
3:19 of 3rd period - Shot Blocked by Dylan Larkin.
3:41 of 3rd period - Wrist shot by Ryan O'Reilly.
3:41 of 3rd period - Stopped by Darcy Kuemper with a rebound.
3:43 of 3rd period - Snap shot by Mathew Barzal.
3:43 of 3rd period - Stopped by Darcy Kuemper with a rebound.
3:45 of 3rd period - Snap shot by Jani Hakanpaa.
3:45 of 3rd period - Shot Misses the Net.
3:47 of 3rd period - Snap shot by Ryan O'Reilly.
3:47 of 3rd period - Goal by Ryan O'Reilly - Sharks : 1 - Canadiens : 4.
3:48 of 3rd period - Christian Dvorak wins face-off versus Sidney Crosby in neutral zone.
3:57 of 3rd period - Slapshot by Valeri Nichushkin.
3:57 of 3rd period - Stopped by Darcy Kuemper without a rebound.
3:58 of 3rd period - Sidney Crosby wins face-off versus Christian Dvorak in Sharks zone.
4:06 of 3rd period - Minor Penalty to Henri Jokiharju for Tripping.
4:07 of 3rd period - Christian Dvorak wins face-off versus Sidney Crosby in Canadiens zone.
4:33 of 3rd period - Alex Pietrangelo is hit by Jani Hakanpaa and loses puck.
6:06 of 3rd period - Penalty to Henri Jokiharju is over, Henri Jokiharju is back on ice.
6:29 of 3rd period - Snap shot by Oliver Wahlstrom.
6:29 of 3rd period - Stopped by Adin Hill with a rebound.
7:03 of 3rd period - Icing by Jonathan Huberdeau.
7:04 of 3rd period - Noah Cates wins face-off versus Boone Jenner in Sharks zone.
7:50 of 3rd period - Slapshot by Alex Pietrangelo.
7:50 of 3rd period - Deflect By Lukas Reichel.
7:50 of 3rd period - Stopped by Adin Hill with a rebound.
7:52 of 3rd period - Wrist shot by Mats Zuccarello.
7:52 of 3rd period - Stopped by Adin Hill without a rebound.
7:53 of 3rd period - Dylan Larkin wins face-off versus Anton Lundell in Canadiens zone.
8:25 of 3rd period - Wrist shot by Andrew Mangiapane.
8:25 of 3rd period - Stopped by Darcy Kuemper without a rebound.
8:26 of 3rd period - Christian Dvorak wins face-off versus Travis Boyd in Sharks zone.
8:29 of 3rd period - Snap shot by Valeri Nichushkin.
8:29 of 3rd period - Stopped by Darcy Kuemper without a rebound.
8:30 of 3rd period - Christian Dvorak wins face-off versus Travis Boyd in Sharks zone.
8:31 of 3rd period - Wrist shot by Jeff Skinner.
8:31 of 3rd period - Stopped by Darcy Kuemper without a rebound.
8:32 of 3rd period - Travis Boyd wins face-off versus Christian Dvorak in Sharks zone.
8:39 of 3rd period - Christopher Tanev is hit by Justin Braun and loses puck.
9:04 of 3rd period - Wrist shot by Sidney Crosby.
9:04 of 3rd period - Stopped by Adin Hill with a rebound.
9:20 of 3rd period - Boone Jenner is hit by Christopher Tanev and loses puck.
9:39 of 3rd period - Jani Hakanpaa is hit by Lukas Reichel and loses puck.
11:21 of 3rd period - Dylan Larkin is hit by Jani Hakanpaa and loses puck.
11:54 of 3rd period - Shea Theodore is hit by Jani Hakanpaa and loses puck.
12:09 of 3rd period - Wrist shot by Emil Bemstrom.
12:09 of 3rd period - Stopped by Darcy Kuemper with a rebound.
12:11 of 3rd period - Slapshot by Travis Hamonic.
12:11 of 3rd period - Stopped by Darcy Kuemper without a rebound.
12:12 of 3rd period - Boone Jenner wins face-off versus Noah Cates in Sharks zone.
12:25 of 3rd period - Snap shot by Robert Thomas.
12:25 of 3rd period - Shot Misses the Net.
12:27 of 3rd period - Wrist shot by Robert Thomas.
12:27 of 3rd period - Shot Blocked by TJ Brodie.
12:41 of 3rd period - Shea Theodore is hit by Adam Larsson and loses puck.
12:50 of 3rd period - Wrist shot by Christian Dvorak.
12:50 of 3rd period - Shot Misses the Net.
13:20 of 3rd period - Wrist shot by Shea Theodore.
13:20 of 3rd period - Stopped by Adin Hill without a rebound.
13:21 of 3rd period - Boone Jenner wins face-off versus Ryan O'Reilly in Canadiens zone.
13:47 of 3rd period - Christopher Tanev is hit by Justin Braun and loses puck.
14:10 of 3rd period - Slapshot by Anton Lundell.
14:10 of 3rd period - Stopped by Darcy Kuemper with a rebound.
14:16 of 3rd period - Anton Lundell is hit by Calvin De Haan and loses puck.
14:50 of 3rd period - Jonathan Drouin is hit by Justin Braun and loses puck.
15:24 of 3rd period - Wrist shot by Valeri Nichushkin.
15:24 of 3rd period - Shot Misses the Net.
16:18 of 3rd period - Snap shot by Mason McTavish.
16:18 of 3rd period - Stopped by Adin Hill with a rebound.
16:53 of 3rd period - Slapshot by Brandon Tanev.
16:53 of 3rd period - Shot Misses the Net.
16:55 of 3rd period - Slapshot by Justin Braun.
16:55 of 3rd period - Shot Misses the Net.
17:38 of 3rd period - Sidney Crosby is hit by Anton Lundell and loses puck.
17:45 of 3rd period - Wrist shot by Andrew Mangiapane.
17:45 of 3rd period - Shot Blocked by K'Andre Miller.
17:47 of 3rd period - Snap shot by Anton Lundell.
17:47 of 3rd period - Goal by Anton Lundell - Sharks : 1 - Canadiens : 5.
17:48 of 3rd period - Dylan Larkin wins face-off versus Christian Dvorak in neutral zone.
18:35 of 3rd period - Wrist shot by Dylan Larkin.
18:35 of 3rd period - Deflect By Lukas Reichel.
18:35 of 3rd period - Shot Blocked by Travis Hamonic.
18:35 of 3rd period - Puck is out of play.
18:36 of 3rd period - Boone Jenner wins face-off versus Mathew Barzal in Canadiens zone.
19:03 of 3rd period - Justin Braun is hit by Valeri Nichushkin and loses puck.
19:48 of 3rd period - Snap shot by Anton Lundell.
19:48 of 3rd period - Shot Misses the Net.
19:50 of 3rd period - Slapshot by Jani Hakanpaa.
19:50 of 3rd period - Stopped by Darcy Kuemper with a rebound.
19:52 of 3rd period - Snap shot by Cam Atkinson.
19:52 of 3rd period - Shot Misses the Net.
Goals for this period are 0 for Sharks vs 2 for Canadiens.
Shots for this period are 6 for Sharks vs 17 for Canadiens.